 Dungeon Crawl Stone Soup version 0.26.1-11-gd32895ea62 (webtiles) character file.

Game seed: 5589877682346946325

8543 seveneves the Blocker (level 11, -1/82 HPs)
             Began as a Minotaur Fighter on July 18, 2021.
             Was a Priest of the Shining One.
             Slain by Urug
             ... wielding a +2 great mace
              (3 damage)
             ... on level 10 of the Dungeon.
             The game lasted 01:10:05 (6560 turns).

seveneves the Blocker (Minotaur Fighter)            Turns: 6560, Time: 01:10:06

Health: -1/82      AC: 16    Str: 24    XL:     11   Next: 11%
Magic:  12/12      EV:  5    Int:  7    God:    the Shining One [***...]
Gold:   458        SH: 23    Dex: 10    Spells: 10/10 levels left

rFire    . . .     SeeInvis .   A - +3 scimitar (flame)
rCold    + + .     Faith    .   b - +0 tower shield
rNeg     + . .     Spirit   .   a - +2 plate armour of Twilight {Rampage rC+}
rPois    .         Reflect  +   (helmet restricted)
rElec    .         Harm     .   (no cloak)
rCorr    .         Rampage  +   (no gloves)
Will     .....                  (no boots)
Stlth    ..........             k - amulet of reflection
HPRegen  0.23/turn              F - ring of protection from cold
MPRegen  0.13/turn              (no ring)

@: lethally poisoned (-1 -> -8), glowing
A: retaliatory headbutt, horns 2, clever 1, frail 1, low mp 1
a: Renounce Religion, Divine Shield


You were on level 10 of the Dungeon.
You worshipped the Shining One.
The Shining One was most pleased with you.
You visited 1 branch of the dungeon, and saw 10 of its levels.

You collected 458 gold pieces.

Inventory:

Hand Weapons
 e - a +1 antimagic whip
 g - a +2 vorpal flail
 i - a +1 flail of protection
 s - a +1 falchion of holy wrath
 A - a +3 scimitar of flaming (weapon)
Missiles
 m - 7 boomerangs (quivered)
Armour
 a - the +2 plate armour of Twilight (worn) {Rampage rC+}
   (You found it on level 7 of the Dungeon)

   It protects you from cold.
   It bestows one free step when moving towards enemies.
 b - a +0 tower shield (worn)
 p - a +3 chain mail of willpower
Jewellery
 c - an uncursed ring of wizardry {unknown}
 f - an uncursed amulet of regeneration
 k - an amulet of reflection (around neck)
 F - a ring of protection from cold (left hand)
Wands
 l - a wand of enslavement (1)
 x - a wand of polymorph (1)
 C - a wand of flame (13)
Scrolls
 h - 3 scrolls of fear
 j - 2 scrolls of teleportation
 n - 3 scrolls of remove curse
 t - a scroll of amnesia
Potions
 d - 3 potions of might
 r - a potion of lignification {unknown}
 u - 2 potions of haste {unknown}
 w - a potion of brilliance
 z - a potion of attraction {unknown}
 B - a potion of magic {unknown}
 D - a potion of degeneration {unknown}


   Skills:
 + Level 7.5 Fighting
 + Level 7.6 Long Blades
 + Level 9.6 Maces & Flails
 * Level 9.1 Armour
 + Level 2.9 Dodging
 + Level 0.9 Stealth
 + Level 11.1 Shields
 * Level 5.3 Invocations


You had 10 spell levels left.
You didn't know any spells.
Your spell library contained the following spells:

 Spells                   Type           Power        Failure   Level
 Animate Skeleton         Necr           0%           100%        1
 Pain                     Necr           0%           100%        1
 Poisonous Vapours        Pois/Air       0%           100%        2
 Conjure Flame            Conj/Fire      0%           100%        3
 Mephitic Cloud           Conj/Pois/Air  0%           100%        3
 Vampiric Draining        Necr           0%           100%        3
 Animate Dead             Necr           0%           100%        4
 Agony                    Necr           0%           100%        5
 Freezing Cloud           Conj/Ice/Air   0%           100%        6


Dungeon Overview and Level Annotations

Branches:
Dungeon (10/15)
 Temple: D:4-7         Lair: D:8-11         Orc: D:9-12

Altars:
Cheibriados
Dithmenos
Fedhas
Kikubaaqudgha
Makhleb
Qazlal
Uskayaw
Vehumet
Xom
Yredelemnul
Zin
The Shining One

Shops:
D:6 *   D:9 [

Annotations:
D:3 2 transporters
D:10 Urug


Innate Abilities, Weirdness & Mutations

You reflexively headbutt those who attack you in melee.
You have a pair of horns on your head.
Your mind is acute. (Int +2)
You are frail. (-10% HP)
Your magical capacity is low. (-10% MP)


Message History

The orc hits you with a +0 dagger.
* * * LOW HITPOINT WARNING * * *
Your shield and plate armour of Twilight prevent you from hitting the wight.
You headbutt the wight.
You destroy the wight!
The Shining One accepts your kill.
You feel better.
The water moccasin bites you but does no damage.
Urug screams, "Your bloody kin took my one good eye.
Now you die, harpy!" You block Urug's attack. You block the wight's attack.
The water moccasin bites you.
* * * LOW HITPOINT WARNING * * *
You are lethally poisoned!
The water moccasin poisons you! You block the orc's attack.
You hit Urug. You burn Urug. You headbutt Urug, but do no damage.
Urug is lightly wounded.
* * * LOW HITPOINT WARNING * * *
You feel sick. You block the water moccasin's attack.
Urug hits you with a +2 great mace.
You die...

#....
#...#
#...#
#...#
#...#
#...#
..####.So#
...$...z@#
######o)#
#..# #<.#
#..# #..#
#..# #..#
#..#


You could see Urug, a water moccasin, a wight and an orc.

Vanquished Creatures
  Harold (D:8)
  Erica (D:8)
  A two-headed ogre (D:8)
  Nergalle (D:10)
  Maurice (D:9)
  Psyche (D:8)
  A wyvern (D:10)
  6 yaks (D:9)
  A water moccasin (D:8)
  5 orc warriors
  A hornet zombie (D:7)
  4 ice beasts
  3 sky beasts
  A necrophage (D:9)
  6 ogres
  2 phantoms (D:9)
  5 big kobolds
  A gnoll sergeant (D:8)
  3 bullfrogs
  3 scorpions
  2 wights (D:10)
  A howler monkey (D:4)
  7 orc priests
  5 hounds
  9 orc wizards
  2 jellies
  A centaur skeleton (D:8)
  3 iguanas
  8 worker ants
  A mummy (D:8)
  A worker ant zombie (D:9)
  Robin (D:2)
  4 gnolls (D:8)
  A howler monkey skeleton (D:7)
  14 adders
  2 shadow imps
  A white imp (D:7)
  2 ufetubi (D:7)
  3 worms
  2 dart slugs
  4 leopard geckos
  40 orcs
  6 giant cockroaches
  17 goblins
  8 hobgoblins
  5 jackals
  4 quokkas
  3 ball pythons
  3 bats
  3 frilled lizards
  19 kobolds
  A leopard gecko zombie (D:7)
  12 rats
243 creatures vanquished.

Vanquished Creatures (others)
  An orc warrior (D:7)
  A bullfrog skeleton (D:7)
2 creatures vanquished.

Grand Total: 245 creatures vanquished

Notes
Turn   | Place    | Note
-------+----------+-------------------------------------------
     0 | D:1      | seveneves the Minotaur Fighter began the quest for the Orb.
     0 | D:1      | Reached XP level 1. HP: 19/19 MP: 0/0
   172 | D:1      | Reached XP level 2. HP: 23/27 MP: 1/1
   356 | D:1      | Reached skill level 4 in Shields
   957 | D:2      | Reached XP level 3. HP: 33/33 MP: 2/2
  1066 | D:2      | Noticed Robin
  1083 | D:2      | Killed Robin
  1084 | D:2      | Reached XP level 4. HP: 9/40 MP: 3/3
  1598 | D:3      | Found a transporter.
  1712 | D:3      | Reached XP level 5. HP: 8/47 MP: 1/4
  1804 | D:3      | Found a transporter.
  1877 | D:3      | Reached skill level 1 in Maces & Flails
  2264 | D:4      | Found an ancient bone altar of Kikubaaqudgha.
  2500 | D:4      | Gained mutation: Your magical capacity is low. (-10% MP)
                  | [potion of mutation]
  2500 | D:4      | Gained mutation: You are frail. (-10% HP) [potion of
                  | mutation]
  2500 | D:4      | Gained mutation: Your mind is acute. (Int +2) [potion of
                  | mutation]
  2557 | D:4      | Reached skill level 1 in Dodging
  2557 | D:4      | Reached skill level 5 in Shields
  2564 | D:4      | Reached XP level 6. HP: 47/47 MP: 4/4
  2583 | D:4      | Found a basalt altar of Yredelemnul.
  2585 | D:4      | Noticed a profane servitor
  2992 | D:4      | Found a glowing golden altar of the Shining One.
  2995 | D:4      | Noticed an angel
  3001 | D:4      | Became a worshipper of the Shining One
  3052 | D:5      | Entered Level 5 of the Dungeon
  3075 | D:5      | Found a stormy altar of Qazlal.
  3255 | D:5      | Found a hide-covered altar of Uskayaw.
  3719 | D:5      | Found a radiant altar of Vehumet.
  3719 | D:5      | Found a shadowy altar of Dithmenos.
  3769 | D:6      | Reached skill level 5 in Armour
  3848 | D:6      | Reached skill level 6 in Shields
  3848 | D:6      | Reached XP level 7. HP: 27/54 MP: 5/5
  3978 | D:6      | Reached skill level 5 in Fighting
  4146 | D:6      | Found a blossoming altar of Fedhas.
  4233 | D:6      | Found Adupresch's Elemental Accessories.
  4316 | D:7      | Found a shimmering altar of Xom.
  4331 | D:7      | Reached XP level 8. HP: 62/62 MP: 6/6
  4335 | D:7      | Reached skill level 7 in Shields
  4341 | D:7      | Reached skill level 5 in Maces & Flails
  4437 | D:7      | Found a shadowy altar of Dithmenos.
  4478 | D:7      | Reached * piety under the Shining One
  4596 | D:7      | Got a jewelled plate armour
  4638 | D:7      | Reached skill level 8 in Shields
  4653 | D:7      | Identified the +2 plate armour of Twilight {Rampage rC+}
                  | (You found it on level 7 of the Dungeon)
  4916 | D:7      | Found a glowing silver altar of Zin.
  4916 | D:7      | Noticed an angel
  5075 | D:8      | Reached XP level 9. HP: 67/67 MP: 7/7
  5118 | D:8      | Noticed Erica
  5118 | D:8      | Noticed Harold
  5175 | D:8      | Reached skill level 1 in Invocations
  5187 | D:8      | Found a burning altar of Makhleb.
  5216 | D:8      | Reached ** piety under the Shining One
  5232 | D:8      | Killed Harold
  5233 | D:8      | Reached skill level 9 in Shields
  5241 | D:8      | Killed Erica
  5391 | D:8      | Reached XP level 10. HP: 75/75 MP: 10/10
  5445 | D:8      | Found a snail-covered altar of Cheibriados.
  5449 | D:8      | Noticed Psyche
  5459 | D:8      | Noticed a two-headed ogre
  5476 | D:8      | Killed Psyche
  5482 | D:8      | Killed a two-headed ogre
  5483 | D:8      | Reached skill level 5 in Long Blades
  5483 | D:8      | Reached skill level 10 in Shields
  5865 | D:9      | Noticed Maurice
  5875 | D:9      | Killed Maurice
  5908 | D:9      | Found Myzxohe's Antique Armour Shoppe.
  6186 | D:9      | Reached skill level 11 in Shields
  6536 | D:10     | Entered Level 10 of the Dungeon
  6536 | D:10     | Noticed Nergalle
  6540 | D:10     | Reached *** piety under the Shining One
  6545 | D:10     | Killed Nergalle
  6545 | D:10     | Noticed Urug
  6546 | D:10     | Reached skill level 5 in Invocations
  6546 | D:10     | Reached XP level 11. HP: 82/82 MP: 12/12
  6559 | D:10     | HP: 4/82 [water moccasin (4)]
  6560 | D:10     | Slain by Urug

Illustrated notes

Levels and vault maps discovered:
D:1:      kilobyte_arrival_exit_the_forest, layout_rooms,
          hangedman_abyss_or_decor_lesser_grid, kennysheep_another_room
D:2:      layout_basic, due_unseen_surprise, uniq_robin
D:3:      gammafunk_steamed_eel, layout_rooms, nicolae_ru_the_path_less_chosen,
          trog_eyes_of_draining
D:4:      layout_basic, grunt_temple_overflow_holy_war,
          lemuel_coloured_pillars_altar, hangedman_glass_teeth,
          hex_intersection, grunt_decor_cap
D:5:      layout_basic, grunt_qazlal_sundering, general_overflow_altar,
          gammafunk_temple_overflow_statue, minmay_temple_entry_from_below_a
D:6:      layout_rooms, lemuel_doored_altar, nicolae_elemental_shop
D:7:      layout_loops_ring, xom_confusion_cloud, zin_angel,
          nicolae_dithmenos_through_a_glass_darkly
D:8:      layout_loops_ring, slow_altar_1, lemuel_round_altar, uniq_harold,
          uniq_erica, uniq_psyche
D:9:      layout_loops_ring, serial_shops, nicolae_shop_stone, serial_rivers,
          chequers_serial_rivers_micro_d, chequers_serial_rivers_large_a,
          chequers_serial_rivers_small_b, chequers_serial_rivers_micro_d,
          chequers_serial_rivers_small_a, chequers_serial_rivers_micro_c,
          kennysheep_generic_room_11, uniq_maurice
D:10:     layout_long_grid, dpeg_oklobed_lair, minmay_three_doors,
          uniq_nergalle, uniq_urug

Skill      XL: |  1  2  3  4  5  6  7  8  9 10 |
---------------+-------------------------------+-----
Fighting       | 4 5 6 7 |  7.5
Shields        | 4 5 6 8 9 11 | 11.1
Long Blades    | 3 4 7 |  7.6
Armour         | 4 5 6 7 9 |  9.1
Maces & Flails | 2 4 7 9 |  9.6
Dodging        | 1 2 |  2.9
Invocations    | 3 5 |  5.3
Stealth        | |  0.9

Action                   |  1- 3 |  4- 6 |  7- 9 | 10-12 || total
-------------------------+-------+-------+-------+-------++-------
Melee: Long sword        |    79 |    11 |       |       ||    90
       Headbutt          |    11 |    19 |    50 |    37 ||   117
       Whip              |       |    47 |       |       ||    47
       Flail             |       |   131 |   231 |       ||   362
       Scimitar          |       |       |    11 |   174 ||   185
       Falchion          |       |       |       |    23 ||    23
Throw: Boomerang         |       |     2 |       |       ||     2
  Use: Scroll            |     5 |     8 |     5 |     3 ||    21
       Potion            |       |     8 |     6 |     1 ||    15
Armor: Scale mail        |    62 |    88 |       |       ||   150
       Chain mail        |       |    42 |    38 |       ||    80
       Plate armour      |       |       |    52 |    60 ||   112
Dodge: Dodged            |    32 |    68 |    31 |    27 ||   158
Block: Kite shield       |    50 |   166 |    26 |       ||   242
       Tower shield      |       |       |   191 |   222 ||   413
       Reflection        |       |       |     3 |     6 ||     9
       Rpst.: Long sword |     8 |     1 |       |       ||     9
       Scimitar          |       |       |       |     9 ||     9
